 Dungeon Crawl Stone Soup version 0.31-a0-819-gf6de2f5ab6 (webtiles) character file.

Game seed: 13909055353121452034

4 DApurpleWHUMPUS the Firebug (level 1, -1/16 HPs)
             Began as an Ogre Fire Elementalist on Sept 24, 2023.
             Slain by a kobold
             ... wielding a +0 whip
              (4 damage)
             ... on level 1 of the Dungeon.
             The game lasted 00:00:23 (131 turns).

DApurpleWHUMPUS the Firebug (Ogre Fire Elementalist) Turns: 131, Time: 00:00:24

Health: -1/16      AC:  3    Str: 11    XL:     1   Next: 70%
Magic:  3/4        EV:  9    Int: 16    God:
Gold:   0          SH:  0    Dex:  9    Spells: 4/5 levels left

rFire   . . .        d - +0 whip
rCold   . . .        (no shield)
rNeg    . . .        a - +0 robe
rPois   .            (helmet restricted)
rElec   .            (no cloak)
rCorr   .            (gloves unavailable)
SInv    .            (boots unavailable)
Will    .....        (no amulet)
Stlth   +            (no ring)
HPRegen 0.22/turn    (no ring)
MPRegen 0.09/turn

%: no passive effects
@: no status effects
A: large, unfitting armour, tough skin 1
a: no special abilities


You were on level 1 of the Dungeon.
You visited 1 branch of the dungeon, and saw 1 of its levels.

Inventory:

Hand Weapons
 d - a +0 whip (weapon)
Armour
 a - a +0 robe (worn)
Scrolls
 c - a scroll of torment {unknown}
Potions
 b - a potion of magic


   Skills:
 - Level 1.7 Dodging
 - Level 1.4 Stealth
 + Level 2.5 Spellcasting
 + Level 1.1 Conjurations
 + Level 2.8 Fire Magic


You had 4 spell levels left.
You knew the following spells:

 Your Spells              Type           Power      Damage    Failure   Level
a - Foxfire               Conj/Fire      32%        2x1d5     9%          1

Your spell library contained the following spells:

 Spells                   Type           Power      Damage    Failure   Level
 Scorch                   Fire           22%        2d5       10%         2
 Inner Flame              Hex/Fire       6%         N/A       32%         3
 Volatile Blastmotes      Fire/Tloc      12%        2d11      32%         3
 Flame Wave               Conj/Fire      8%         2d5       65%         4


Dungeon Overview and Level Annotations

Branches:
Dungeon (1/15)

Altars:


Innate Abilities, Weirdness & Mutations

You are too large for most types of armour.
You have tough skin. (AC +1)


Message History

You hit the endoplasm.
You kill the endoplasm!
The kobold throws a stone.
The stone hits you. The hobgoblin barely misses you.
The kobold closely misses you.
You hit the hobgoblin.
The hobgoblin is lightly wounded.
The hobgoblin barely misses you. The kobold hits you with a +0 whip.
You are too injured to fight recklessly!
You are too injured to fight recklessly!
You are too injured to fight recklessly!
You are too injured to fight recklessly!
Casting: Foxfire (safe; 9% risk of failure)
Confirm with . or Enter, or press ? or * to list all spells.
You miscast Foxfire.
You are very lightly contaminated with residual magic.
Nothing appears to happen.
The hobgoblin closely misses you. The kobold hits you with a +0 whip.
* * * LOW HITPOINT WARNING * * *
The hobgoblin attacks as it pursues you!
The hobgoblin hits you.
* * * LOW HITPOINT WARNING * * *
You hit the hobgoblin.
The hobgoblin is almost dead.
The hobgoblin hits you but does no damage.
You hit the hobgoblin.
You kill the hobgoblin!
The kobold throws a stone.
The stone hits you but does no damage. The kobold hits you but does no damage.
You barely miss the kobold. The kobold hits you with a +0 whip.
* * * LOW HITPOINT WARNING * * *
You hit the kobold but do no damage. The kobold barely misses you.
Your magical contamination has completely faded away.
You hit the kobold. Your punch misses the kobold.
The kobold is severely wounded.
The kobold completely misses you. The kobold hits you with a +0 whip.
* * * LOW HITPOINT WARNING * * *
You closely miss the kobold.
The kobold is heavily wounded.
The kobold hits you with a +0 whip.
You die...

#''##~≈≈≈ ####†..# ~≈≈
.. .......# ≈≈ ..
#########≈≈≈ .. #~~≈≈≈≈
.##### ######~~~#####
..... .>........... ...
..#.#####.#.#####.##..#
..#.# #.........@K....#
..#.#
#.#.#....##.......
..#.###.#.#[...#
....###
..#.....#......+
.......
..####...##....#
....###
..#.........#### .####
..#.##...#### .# #
#...# .# #...#


You could see a kobold.

Vanquished Creatures
  An endoplasm (D:1)
  A goblin (D:1)
  A hobgoblin (D:1)
  A frilled lizard (D:1)
4 creatures vanquished.

Notes
Turn   | Place    | Note
-------+----------+-------------------------------------------
     0 | D:1      | DApurpleWHUMPUS the Ogre Fire Elementalist began the quest
                  | for the Orb.
     0 | D:1      | Reached XP level 1. HP: 16/16 MP: 3/3
    90 | D:1      | Reached skill level 1 in Conjurations
   131 | D:1      | Slain by a kobold

Illustrated notes

Levels and vault maps discovered:
D:1:      sevenhm_arrival_forest_fort_large_1, layout_basic,
          hellmonk_ecumenical_altar_zigzags, minmay_tromino_v4_b

Skill      XL: |  1 |
---------------+----+-----
Conjurations   | 1 |  1.1
Dodging        | |  1.7
Stealth        | |  1.4
Spellcasting   | |  2.5
Fire Magic     | |  2.8

Action                     || total
---------------------------++-------
  Melee: Whip              ||    26
 Armour: Robe              ||    19
  Dodge: Dodged            ||    16

Table legend: (Time is in decaauts)
 A = Elapsed time spent in this place.
 B = Non-inter-level travel time spent in this place.
 C = Inter-level travel time spent in this place.
 D = Time resting spent in this place.
 E = Time spent auto-exploring this place.
 F = Levels seen in this place.
 G = Mean time per level.
                   A        B        C        D        E       F      G
               +--------+--------+--------+--------+--------+-----+--------+
         Total |    133 |    126 |      7 |      0 |     81 |   1 |  133.0 |
       Dungeon |    133 |    126 |      7 |      0 |     81 |   1 |  133.0 |
               +--------+--------+--------+--------+--------+-----+--------+

Top non-repeatable levels by time:
     D:1: 133 daAuts
